Map: Acropolis LE

Players

Methodape - Winner!

  • Race: Terran Terran
  • League: Master
  • Spawn Location: 11:00

ȎlȎ

  • Race: Protoss Protoss
  • League: Master
  • Spawn Location: 5:00

VOD

Have the link to the VOD?

Description

Draft version project SuprEMP

Time

  • Played on: Sept. 3, 2019, 8:58 a.m.
  • Length: 19:52
Show
View Real Time Build Order
Export as new Build Order

Methodape Terran - Winner!

Build Orders: Reaper Expand, Mech 

Get SALT Encoding   

  12  0:01  SCV  
  13  0:13  SCV  
  14  0:17  Supply Depot  
  14  0:25  SCV  
  15  0:39  SCV  
  15  0:40  Barracks  
  16  0:44  Refinery  
  16  0:51  SCV  
  17  1:03  SCV  
  18  1:15  SCV  
  19  1:28  Orbital Command  
  19  1:29  Reaper  
  20  1:44  Command Center  
  20  1:53  Supply Depot  
  20  1:55  SCV  
  21  2:01  Marine  
  22  2:10  Factory  
  22  2:19  Bunker  
  22  2:20  SCV  
  23  2:22  Barracks Reactor  
  23  2:30  Refinery  
  23  2:37  SCV  
  24  2:49  SCV  
  25  3:00  Marine x2  
  25  3:01  Widow Mine, Orbital Command  
  29  3:05  Starport  
  29  3:11  SCV  
  31  3:27  SCV  
  31  3:28  Widow Mine  
  31  3:29  Orbital Command  
  33  3:34  Bunker  
  33  3:35  Marine x2  
  33  3:39  SCV  
  35  3:43  Medivac  
  37  3:49  Widow Mine  
  37  3:52  SCV  
  37  3:54  Supply Depot, SCV  
  41  3:55  Marine x2  
  41  4:01  Liberator  
  43  4:04  SCV  
  43  4:06  SCV  
  45  4:12  Factory Tech Lab  
  45  4:13  Marine  
  45  4:16  SCV  
  47  4:18  SCV  
  51  4:26  Engineering Bay  
  51  4:28  SCV  
  51  4:30  SCV  
  53  4:31  Supply Depot  
  53  4:35  Supply Depot  
  53  4:36  Siege Tank  
  56  4:41  SCV  
  56  4:43  SCV  
  58  4:46  Marine x2  
  60  4:54  Command Center  
  60  4:56  Refinery  
  60  5:11  Missile Turret  
  60  5:14  Siege Tank  
  60  5:15  Starport Tech Lab  
  60  5:16  SCV  
  60  5:18  SCV  
  65  5:21  Refinery  
  65  5:29  SCV  
  65  5:31  SCV  
  67  5:38  Marine x2  
  67  5:41  Factory  
  67  5:42  SCV  
  70  5:43  Factory, SCV  
  70  5:44  Starport Tech Lab  
  71  5:54  SCV  
  71  5:55  SCV  
  73  6:06  SCV  
  73  6:08  Factory  
  73  6:09  SCV  
  76  6:11  Factory  
  76  6:12  Siege Tank  
  76  6:15  Orbital Command  
  76  6:18  Supply Depot, SCV  
  79  6:21  SCV  
  76  6:30  SCV  
  75  6:33  SCV  
  78  6:40  Widow Mine x2, Siege Tank  
  78  6:42  SCV  
  78  6:44  SCV  
  78  6:45  Barracks Reactor  
  78  6:46  Missile Turret, SCV  
  86  6:47  Missile Turret  
  86  6:54  SCV  
  86  6:56  SCV  
  86  7:00  SCV  
  89  7:03  Widow Mine, Siege Tank  
  94  7:10  SCV  
  94  7:11  Orbital Command  
  95  7:18  Refinery  
  95  7:19  Bunker  
  98  7:22  Siege Tank  
  98  7:23  Bunker, Hellion  
  100  7:32  SCV  
  100  7:33  Armory  
  101  7:38  SCV, Hellion  
  101  7:44  Refinery  
  101  7:48  Supply Depot  
  101  7:49  Supply Depot x2  
  101  7:51  Siege Tank, SCV x3  
  107  7:58  Hellion  
  109  8:09  Siege Tank, SCV x3  
  109  8:10  Hellion  
  117  8:13  Supply Depot  
  117  8:14  Hellion  
  117  8:15  Hellion  
  117  8:16  Infernal Pre-Igniter  
  121  8:21  Starport Tech Lab, SCV  
  121  8:22  Ghost Academy  
  121  8:24  Starport Reactor  
  121  8:25  SCV  
  121  8:26  SCV  
  124  8:29  Missile Turret  
  124  8:33  Barracks Tech Lab  
  124  8:34  Supply Depot, Siege Tank, SCV  
  122  8:38  Sensor Tower  
  122  8:40  SCV  
  122  8:41  Missile Turret  
  126  8:47  Missile Turret  
  126  8:52  Missile Turret  
  126  8:53  Siege Tank, Hellion x2  
  133  8:57  Missile Turret  
  133  9:12  Siege Tank  
  133  9:13  Hellion x3  
  133  9:15  Medivac x2  
  146  9:19  Enhanced Shockwaves  
  148  9:24  Command Center  
  148  9:27  Supply Depot  
  148  9:34  Supply Depot  
  148  9:36  Supply Depot, Hellion  
  144  9:39  SCV  
  144  9:45  Hellion  
  148  9:46  Unknown  
  148  9:49  Command Center, Hellion x2  
  158  10:02  Thor  
  158  10:05  Thor  
  163  10:17  Refinery  
  163  10:21  Refinery, Missile Turret  
  163  10:24  Unknown  
  163  10:29  SCV  
  164  10:41  Thor  
  164  10:42  Hellion x2  
  176  10:45  Thor  
  176  10:47  Sensor Tower, SCV x2  
  184  10:56  Supply Depot  
  183  11:03  Thor  
  183  11:04  Hellion x3  
  193  11:07  Missile Turret, SCV  
  193  11:09  Unknown  
  192  11:13  Planetary Fortress  
  192  11:15  Hi-Sec Auto Tracking  
  190  11:39  Missile Turret, SCV  
  191  11:40  Supply Depot  
  191  11:46  SCV  
  192  11:50  Refinery  
  192  11:52  Command Center  
  192  11:53  Refinery  
  192  11:55  Planetary Fortress  
  192  11:57  Missile Turret  
  192  12:10  SCV  
  192  12:12  Refinery  
  192  12:15  Missile Turret  
  193  12:18  Refinery, Thor  
  196  12:35  SCV  
  182  12:46  Thor x2  
  182  12:47  Hellion x2  
  180  13:07  Thor  
  180  13:08  Hellion x3  
  176  13:14  Hellion  
  176  13:19  SCV  
  179  13:20  Planetary Fortress  
  179  13:22  Missile Turret  
  175  13:28  Thor  
  175  13:29  Thor, Hellion  
  182  13:34  Hellion x2  
  182  13:36  Hellion  
  182  13:37  Viking x2  
  190  13:50  Siege Tank  
  195  13:58  Missile Turret  
  185  14:03  Hellion x3  
  185  14:07  Viking x2, Hellion  
  187  14:10  Starport, SCV  
  187  14:11  Thor x2  
  187  14:12  Terran Vehicle Weapons Level 1, Starport, Missile Turret  
  187  14:13  Personal Cloaking  
  187  14:16  SCV  
  197  14:17  Missile Turret  
  197  14:24  Unknown, Hellion  
  199  14:35  SCV  
  162  15:12  Thor  
  162  15:13  Thor  
  126  15:16  Thor  
  126  15:17  Hellion x3  
  126  15:19  Starport Tech Lab  
  126  15:20  Starport Tech Lab, Viking x2  
  127  15:22  SCV  
  127  15:25  SCV  
  127  15:26  Missile Turret  
  127  15:28  Neosteel Armor  
  129  15:31  Armory x2  
  129  15:33  Hellion  
  131  15:38  Hellion  
  131  15:42  Barracks  
  135  15:43  Barracks  
  135  15:45  Command Center  
  135  15:46  SCV  
  135  15:49  Missile Turret  
  136  15:50  Missile Turret  
  136  15:53  Supply Depot  
  136  15:54  Supply Depot  
  136  15:55  Thor  
  142  15:57  Thor  
  142  15:59  Hellion x2  
  152  16:04  Unknown  
  152  16:09  SCV  
  155  16:13  Siege Tank, Hellion  
  155  16:14  Barracks  
  155  16:16  Corvid Reactor  
  160  16:19  Fusion Core  
  155  16:33  Unknown  
  155  16:37  Hellion x2  
  155  16:38  Command Center  
  155  16:41  SCV  
  155  16:42  Barracks Tech Lab x2, Raven  
  155  16:43  Raven  
  160  16:48  Terran Vehicle Weapons Level 2  
  160  16:50  Terran Ship Weapons Level 1, Terran Vehicle And Ship Armor Level 1  
  160  16:53  Siege Tank x2  
  166  17:08  Terran Infantry Weapons Level 1  
  166  17:21  Missile Turret  
  164  17:26  Siege Tank  
  164  17:27  Hellion x4  
  164  17:29  Raven x2  
  183  17:37  Missile Turret  
  182  17:56  Siege Tank, Thor  
  182  17:57  Unknown x3, Hellion x2  
  199  18:05  Planetary Fortress, Sensor Tower  
  199  18:16  Rapid Reignition System, Advanced Ballistics  
  199  18:17  Missile Turret  
  199  18:25  Unknown x2  
  188  18:52  Siege Tank  
  188  18:53  Hellion x3  
  193  18:56  Marine  
  200  19:06  Refinery  
  200  19:07  Missile Turret  
  200  19:09  Refinery  
  194  19:28  Hellion x2  
Show
View Real Time Build Order
Export as new Build Order

ȎlȎ Protoss 

Build Orders: Dark Templar Rush 

Get SALT Encoding   

  12  0:00  Probe  
  13  0:13  Probe  
  14  0:18  Pylon  
  14  0:25  Probe  
  15  0:33  Probe  
  15  0:41  Probe  
  15  0:42  Assimilator  
  17  0:50  Pylon  
  17  0:51  Probe  
  18  1:03  Probe  
  19  1:09  Gateway  
  19  1:15  Probe  
  20  1:41  Nexus  
  20  1:47  Assimilator  
  20  1:50  Zealot  
  20  1:57  Cybernetics Core  
  20  2:01  Probe  
  23  2:11  Pylon  
  23  2:19  Probe  
  24  2:30  Stalker  
  24  2:31  Probe  
  24  2:35  Warp Gate  
  25  2:43  Probe  
  28  2:47  Shield Battery  
  28  2:53  Twilight Council  
  28  2:57  Probe x2  
  28  3:09  Probe x2  
  30  3:22  Probe x2  
  32  3:34  Probe  
  32  3:37  Dark Shrine  
  32  3:39  Gateway  
  33  3:46  Pylon  
  33  3:54  Gateway  
  33  3:56  Gateway  
  33  4:06  Robotics Facility  
  33  4:07  Probe  
  33  4:08  Shield Battery  
  33  4:09  Probe  
  34  4:15  Probe  
  35  4:21  Charge  
  36  4:25  Probe, Adept  
  39  4:38  Probe  
  40  4:47  Nexus  
  40  4:52  Immortal  
  40  4:54  Dark Templar  
  40  4:58  Dark Templar  
  46  5:07  Stalker  
  46  5:12  Dark Templar  
  48  5:28  Pylon  
  48  5:29  Stalker  
  48  5:30  Assimilator  
  48  5:32  Assimilator  
  48  5:33  Probe x2  
  50  5:40  Stalker  
  50  5:42  Observer  
  53  5:45  Probe  
  53  5:47  Probe, Zealot x2  
  58  5:50  Pylon  
  59  5:57  Probe  
  59  5:59  Forge  
  59  6:01  Probe  
  59  6:03  Forge  
  61  6:13  Probe  
  61  6:14  Robotics Bay  
  61  6:17  Probe x2  
  64  6:30  Observer, Protoss Ground Weapons Level 1  
  64  6:32  Protoss Ground Armor Level 1  
  64  6:38  Photon Cannon, Probe x3  
  68  6:40  Immortal  
  68  6:41  Pylon  
  68  6:49  Photon Cannon  
  72  7:01  Sentry  
  72  7:03  Probe  
  75  7:08  Photon Cannon  
  75  7:11  Shield Battery, Probe  
  76  7:23  Probe x3  
  77  7:37  Probe x3  
  77  7:44  Photon Cannon  
  79  7:45  Colossus, Assimilator  
  79  7:47  Assimilator  
  79  7:49  Photon Cannon, Probe x3  
  82  7:56  Nexus  
  88  8:01  Probe x3  
  91  8:07  Pylon  
  91  8:10  Pylon  
  91  8:13  Probe  
  91  8:18  Stargate  
  92  8:20  Pylon, Probe  
  92  8:25  Probe  
  94  8:27  Probe  
  95  8:39  Photon Cannon  
  95  8:42  Colossus  
  95  8:43  Photon Cannon  
  95  8:44  Templar Archives  
  95  8:47  Shield Battery  
  101  8:49  Gateway, Assimilator  
  101  8:54  Pylon  
  101  8:58  Pylon  
  101  9:07  Fleet Beacon  
  101  9:08  Stargate  
  101  9:11  Pylon  
  101  9:12  Probe x3  
  101  9:13  Probe  
  105  9:17  Assimilator  
  105  9:22  Psionic Storm  
  104  9:24  Probe x2  
  104  9:25  Protoss Air Weapons Level 1, Probe  
  104  9:30  Stargate  
  107  9:32  Pylon  
  107  9:38  Stalker x3  
  106  9:42  Probe x2  
  106  9:43  Probe  
  113  9:48  Tempest  
  113  9:50  Pylon  
  113  9:54  Photon Cannon, Gateway  
  118  10:02  High Templar  
  118  10:03  High Templar x3  
  118  10:04  Carrier  
  126  10:12  Photon Cannon  
  126  10:19  Blink  
  126  10:20  Probe x2  
  134  10:26  Photon Cannon  
  134  10:30  Probe x2  
  134  10:31  Photon Cannon  
  134  10:32  Probe x2  
  138  10:42  Probe x2  
  140  10:45  Carrier  
  140  10:46  Nexus  
  140  10:49  Pylon, Carrier  
  140  10:53  Observer  
  141  11:03  Dark Templar  
  143  11:10  Probe x2  
  157  11:12  Probe  
  157  11:15  Observer  
  157  11:18  Probe  
  160  11:21  Protoss Ground Weapons Level 2  
  160  11:22  Protoss Shields Level 1  
  160  11:23  Probe x2  
  160  11:24  Probe  
  163  11:29  Photon Cannon  
  163  11:30  Photon Cannon  
  163  11:38  Nexus  
  163  11:39  Cybernetics Core  
  163  12:01  Assimilator  
  163  12:03  Tempest x2  
  163  12:05  Assimilator  
  173  12:09  Immortal  
  175  12:25  Robotics Facility  
  175  12:26  Robotics Facility  
  175  12:27  Dark Templar  
  175  12:28  Robotics Facility  
  175  12:29  Pylon, Zealot x3  
  179  12:30  Pylon, Zealot  
  181  12:38  Immortal  
  181  12:43  Archon x2  
  163  12:46  Tempest  
  168  12:51  Dark Templar  
  168  12:52  Dark Templar x2  
  168  12:53  Zealot  
  170  13:07  Immortal x2  
  170  13:09  Archon  
  130  13:15  Zealot  
  129  13:27  Dark Templar x2  
  129  13:28  Dark Templar  
  129  13:34  Colossus  
  127  13:36  Carrier  
  127  13:37  Carrier  
  127  13:38  Immortal x2  
  127  13:39  Tempest  
  144  13:42  Archon  
  152  13:52  Zealot  
  136  14:17  Immortal  
  136  14:20  Pylon  
  136  14:21  Pylon, Assimilator  
  140  14:24  Dark Templar  
  140  14:25  Dark Templar x3  
  140  14:26  Assimilator  
  140  14:28  Pylon  
  140  14:30  Gateway  
  148  14:32  Gateway  
  148  14:34  Gateway  
  148  14:35  Nexus  
  148  14:37  Gateway  
  148  14:38  Pylon  
  148  14:52  Immortal x2  
  148  15:11  Immortal  
  132  15:19  Zealot, Dark Templar  
  132  15:20  Zealot  
  133  15:21  Immortal  
  133  15:25  Immortal  
  133  15:26  Sentry, Dark Templar x2  
  139  15:31  Archon x2  
  147  15:46  Archon x2  
  147  15:49  Dark Templar x2  
  151  15:50  Stalker  
  151  15:56  Archon  
  153  16:01  Immortal  
  153  16:03  Warp Prism  
  159  16:13  Pylon  
  142  16:40  Twilight Council  
  142  16:52  Immortal x3  
  142  16:53  Nexus  
  154  16:55  Dark Templar x3  
  154  16:56  Zealot x2  
  154  16:57  Zealot x3, Assimilator  
  170  17:03  Archon  
  170  17:10  Photon Cannon x2  
  170  17:12  Photon Cannon  
  170  17:14  Protoss Ground Armor Level 2, Photon Cannon  
  168  17:16  Photon Cannon  
  168  17:17  Photon Cannon, Stalker x2  
  168  17:18  Stalker  
  173  17:49  Templar Archives  
  173  17:59  Nexus  
  173  18:05  Assimilator  
  173  18:09  Assimilator, Stalker x4  
  173  18:11  Pylon  
  173  18:12  Stalker x2  
  183  18:13  Stalker x2  
  181  18:39  Colossus x3  
  186  18:43  Zealot  
  186  18:44  Zealot x2  
  176  18:53  Stalker  
  176  18:54  Stalker x5  
  176  18:55  Zealot x2  
  188  19:17  Photon Cannon  
  188  19:20  Photon Cannon  
  188  19:21  Photon Cannon  
  188  19:23  Photon Cannon, Zealot x2  
  179  19:25  Photon Cannon  
  179  19:27  Shield Battery  
  179  19:30  Zealot x3  
  159  19:31  Pylon  
Tags
 
Composition
Mech
Matchup
PvT
Spawn Locations
Cross Positions
Add a new tag
Caveats
  • Supply blocks, unpowered buildings, or Contaminate may cause inaccurate times.
  • Supply counts are checked every 10 seconds.